 Dungeon Crawl Stone Soup version 0.32-a0-975-g85d4e5bfdb (webtiles) character file.

Game seed: 606526376480936919

1198 senseless the Shooter (level 8, -9/63 HPs)
             Began as a Coglin Hunter on Apr 18, 2024.
             Was a Follower of the Shining One.
             Mangled by an orc warrior
             ... wielding a +0 glaive
              (11 damage)
             ... in a bailey.
             The game lasted 00:12:52 (5951 turns).

senseless the Shooter (Coglin Hunter)               Turns: 5951, Time: 00:12:52

Health: -9/63      AC: 11    Str: 12    XL:     8   Next: 44%
Magic:  8/8        EV: 12    Int:  9    God:    the Shining One [*.....]
Gold:   415        SH:  0    Dex: 19    Spells: 7/7 levels left

rFire   . . .        a - +3 sling {Rubén}
rCold   . . .        d - +0 sling {Yae}
rNeg    . . .        s - +3 ring mail
rPois   .            (no helmet)
rElec   .            m - +1 cloak
rCorr   .            l - +0 pair of gloves
SInv    .            (no boots)
Will    .....        (amulet unavailable)
Stlth   +            (ring unavailable)
HPRegen 0.30/turn    (ring unavailable)
MPRegen 0.11/turn    (no gizmo)

%: no passive effects
@: glowing, revved
A: off-hand wielding, slow wielding, warmup strikes, no jewellery
a: Invent Gizmo, Renounce Religion, Divine Shield


You were in a bailey.
You worshipped the Shining One.
The Shining One was aware of your devotion.
You visited 2 branches of the dungeon, and saw 8 of its levels.
You also visited: Sewer and Bailey.

You collected 415 gold pieces.

Inventory:

Hand Weapons
 a - a +3 sling (weapon) {Rubén}
 d - a +0 sling (offhand) {Yae}
 j - a +3 short sword of venom
 w - the +2 flail of the Spheres {freeze, Str+4}
   (You found it on level 6 of the Dungeon)

   Str+4:     It affects your strength (+4).
Armour
 c - a +0 leather armour
 l - a +0 pair of gloves (worn)
 m - a +1 cloak (worn)
 s - a +3 ring mail (worn)
Wands
 v - a wand of digging (3)
Scrolls
 b - a scroll of butterflies
 h - 4 scrolls of teleportation
 o - a scroll of revelation
Potions
 e - 3 potions of might
 f - 2 potions of lignification
 g - 4 potions of heal wounds
 i - 2 potions of cancellation
 k - 4 potions of brilliance
 n - 2 potions of mutation
 p - 3 potions of curing
 q - a potion of berserk rage {unknown}
 u - 2 potions of haste {unknown}


   Skills:
 + Level 5.4 Fighting
 + Level 5.9 Ranged Weapons
 + Level 0.6 Armour
 + Level 4.9 Dodging
 - Level 3.5 Stealth


You had 7 spell levels left.
You didn't know any spells.
Your spell library contained the following spells:

 Spells                   Type           Power      Damage    Failure   Level
 Necrotise                Necr           0%         1d4       67%         1
 Ensorcelled Hibernation  Hex/Ice        0%         N/A       80%         2
 Passwall                 Erth           0%         N/A       95%         3
 Swiftness                Air            0%         N/A       95%         3
 Vampiric Draining        Necr           0%         2d6       95%         3
 Martyr's Knell           Necr/Summ      0%         N/A       100%        4
 Curse of Agony           Necr           0%         N/A       100%        5


Dungeon Overview and Level Annotations

Branches:
Dungeon (7/15)             Temple (1/1) D:5           Sewer (visited)
 Bailey (1/1)

Altars:
Ashenzari
Cheibriados
Dithmenos
Elyvilon
Fedhas
Gozag
Hepliaklqana
Kikubaaqudgha
Makhleb
Nemelex Xobeh
Okawaru
Qazlal
Ru
Sif Muna
Trog
Uskayaw
Vehumet
Wu Jian
Xom
Yredelemnul
Zin
The Shining One

Shops:
D:2 :


Innate Abilities, Weirdness & Mutations

You can wield a second weapon in your off-hand.
It takes a long time for you to wield or remove held weapons.
Your first few attacks do less damage.
You cannot equip rings or amulets.


Message History

The orc warrior is severely wounded.
You shoot a sling bullet.
The sling bullet hits the orc warrior but does no damage.
The orc warrior is severely wounded.
Your butterfly disappears in a burst of colours!
The orc warrior closely misses your butterfly.
The orc hits you but does no damage.
The orc warrior hits you with a +0 glaive.
* * * LOW HITPOINT WARNING * * *
The orc hits you from afar with a +0 spear.
* * * LOW HITPOINT WARNING * * *
You shoot a sling bullet.
The sling bullet hits the orc warrior but does no damage.
The orc warrior is severely wounded.
You shoot a sling bullet. The sling bullet hits the orc warrior.
The orc warrior is almost dead.
Your butterfly disappears in a burst of colours! x2
The orc misses you. The orc barely misses your butterfly.
The orc hits you from afar with a +0 halberd.
* * * LOW HITPOINT WARNING * * *
The orc barely misses you. The orc hits you with a +0 war axe.
* * * LOW HITPOINT WARNING * * *
The orc hits your butterfly with a +0 war axe!
Your butterfly dies!
Your butterfly disappears in a burst of colours!
The orc misses your butterfly. x2
Blink to where?
Press: ? - help, Dir - move target, p - orc warrior
As you read the scroll of blinking, it crumbles to dust.
Your butterfly disappears in a burst of colours!
The orc barely misses your butterfly.
The orc hits your butterfly with a +0 war axe.
Your butterfly dies!
Your butterfly disappears in a burst of colours!
The orc closely misses your butterfly.
Okay, then.
As you read the scroll of fog, it dissolves into smoke.
Your butterfly disappears in a burst of colours!
The orc warrior hits you from afar with a +0 glaive!
You die...

#######
##§@§§.##
#.§§b...#
#∩)oo§o∩#
#...o...#
#..§o...#
#..#.#))#
#.##ß##)#
#..#.#).#
#.......#


You could see an orc warrior (ally target) and 4 orcs.

Vanquished Creatures
  An ice beast (D:6)
  An ogre (D:5)
  A black bear (D:6)
  A phantom (D:3)
  A kobold brigand (Sewer)
  A bullfrog (D:7)
  A scorpion (D:4)
  3 hounds
  A bombardier beetle (D:6)
  3 orc priests (D:5)
  2 iguanas
  Terence (D:3)
  2 orc wizards
  7 gnolls
  6 adders
  4 river rats
  A shadow imp (D:6)
  A white imp (D:6)
  2 ufetubi (D:6)
  3 ribbon worms (D:2)
  19 orcs
  16 ball pythons
  6 bats
  7 endoplasms
  7 giant cockroaches
  3 goblins
  4 hobgoblins
  2 jackals (D:1)
  23 kobolds
  3 quokkas
  4 frilled lizards
  22 rats
159 creatures vanquished.

Notes
Turn   | Place    | Note
-------+----------+-------------------------------------------
     0 | D:1      | senseless the Coglin Hunter began the quest for the Orb.
     0 | D:1      | Reached XP level 1. HP: 16/16 MP: 1/1
    97 | D:1      | Reached skill level 1 in Stealth
   103 | D:1      | Reached XP level 2. HP: 22/22 MP: 2/2
   490 | D:1      | Reached XP level 3. HP: 28/28 MP: 3/3
  1132 | D:2      | Found Oxofenyn's Book Shoppe.
  1609 | D:3      | Reached XP level 4. HP: 34/34 MP: 4/4
  1704 | D:3      | Noticed a phantom
  1715 | D:3      | Killed a phantom
  1716 | D:3      | Reached XP level 5. HP: 27/41 MP: 5/5
  1948 | D:3      | Noticed Terence
  1958 | D:3      | Killed Terence
  2296 | D:3      | Reached XP level 6. HP: 47/47 MP: 6/6
  2954 | D:4      | Found a snail-covered altar of Cheibriados.
  2954 | D:4      | Found a broken altar of Ashenzari.
  3301 | D:5      | Entered Level 5 of the Dungeon
  3381 | D:5      | Reached XP level 7. HP: 28/54 MP: 7/7
  3399 | D:5      | Found a glowing drain.
  3471 | Sewer    | Entered a sewer
  3656 | Sewer    | Reached skill level 5 in Ranged Weapons
  4188 | D:5      | Found a staircase to the Ecumenical Temple.
  4208 | Temple   | Entered the Ecumenical Temple
  4217 | Temple   | Became a worshipper of the Shining One
  5075 | D:6      | Reached XP level 8. HP: 40/61 MP: 8/8
  5246 | D:6      | Reached skill level 5 in Fighting
  5267 | D:6      | Identified the +2 flail of the Spheres {freeze, Str+4}
  5882 | D:7      | Found a flagged portal.
  5889 | Bailey   | Entered a bailey
  5911 | Bailey   | Reached * piety under the Shining One
  5949 | Bailey   | HP: 1/63 [orc/+0 war axe (3)]
  5951 | Bailey   | Mangled by an orc warrior

Illustrated notes

Levels and vault maps discovered:
D:1:      wheals_arrival_linesprint, layout_basic, serial_aquarium,
          aquarium_bridge_long_joined [aquarium_subvault_balcony,
          aquarium_subvault_wall, aquarium_subvault_bridge,
          aquarium_subvault_balcony, aquarium_subvault_window,
          aquarium_subvault_bridge], aquarium_bridge_square
          [aquarium_subvault_wall, aquarium_subvault_wall,
          aquarium_subvault_wall, aquarium_subvault_bridge],
          aquarium_window_corridor_1, aquarium_window_1, aquarium_view_2a,
          aquarium_view_2e, aquarium_pool_side
D:2:      layout_loops_ring, serial_shops, nicolae_shop_stone,
          wander_ebering_terrifying_dragon_lair
D:3:      layout_basic, nicolae_houndstooth_variations, uniq_terence
D:4:      layout_basic, gammafunk_temple_overflow_wave
D:5:      layout_basic, minmay_temple_entry_tees, portal_sewer_entry_b
D:6:      layout_basic
D:7:      layout_loops_ring, enter_bailey_2, chequers_serial_rivers_micro_a,
          roderic_roman_lattice, uniq_prince_ribbit1
Temple:   nicolae_temple_bog_church
Bailey:   bailey_polearm_5, bailey

Skill      XL: |  1  2  3  4  5  6  7  8 |
---------------+-------------------------+-----
Stealth        | 1 2 3 |  3.5
Dodging        | 2 3 4 |  4.9
Ranged Weapons | 4 5 |  5.9
Fighting       | 3 4 5 |  5.4
Armour         | |  0.6

Action                     |  1- 3 |  4- 6 |  7- 9 || total
---------------------------+-------+-------+-------++-------
   Fire: Sling             |   182 |   260 |   384 ||   826
    Use: Scroll            |       |     7 |    10 ||    17
 Armour: Leather armour    |     1 |    22 |       ||    23
         Ring mail         |       |    17 |   123 ||   140
  Dodge: Dodged            |    10 |    37 |    76 ||   123

Table legend: (Time is in decaauts)
 A = Elapsed time spent in this place.
 B = Non-inter-level travel time spent in this place.
 C = Inter-level travel time spent in this place.
 D = Time resting spent in this place.
 E = Time spent auto-exploring this place.
 F = Levels seen in this place.
 G = Mean time per level.
                   A        B        C        D        E       F      G
               +--------+--------+--------+--------+--------+-----+--------+
         Total |   6068 |   5874 |    194 |    147 |   4778 |  10 |  606.8 |
       Dungeon |   5455 |   5277 |    178 |    147 |   4386 |   7 |  779.3 |
        Temple |     18 |      2 |     16 |      0 |      0 |   1 |   18.0 |
         Sewer |    528 |    528 |      0 |      0 |    372 |   1 |  528.0 |
        Bailey |     66 |     66 |      0 |      0 |     20 |   1 |   66.0 |
               +--------+--------+--------+--------+--------+-----+--------+

Top non-repeatable levels by time:
     D:5: 1137 daAuts
     D:4: 941 daAuts
     D:6: 909 daAuts
     D:1: 876 daAuts
     D:3: 807 daAuts
     D:2: 724 daAuts
   Sewer: 528 daAuts
  Bailey: 66 daAuts
     D:7: 58 daAuts
  Temple: 18 daAuts
